 Dungeon Crawl Stone Soup version 0.17.2 (webtiles) character file.

22 Charly the Insei (level 2, -2/14 HPs)
             Began as a Vine Stalker Transmuter on May 6, 2016.
             Slain by Blork the orc
             ... wielding a +0 long sword
              (6 damage)
             ... on level 4 of the Dungeon.
             The game lasted 00:05:16 (354 turns).

Charly the Insei (Vine Stalker Transmuter)           Turns: 354, Time: 00:05:16

Health: -2/14      AC:  2    Str: 12    XL:     2   Next: 91%
Magic:  0/6        EV: 12    Int: 13    God:
Gold:   47         SH:  0    Dex: 14    Spells: 2 memorised, 2 levels left

rFire  . . .     SeeInvis .       - Unarmed
rCold  . . .     Clarity  .     b - +0 robe
rNeg   + . .     SustAt   .     (no shield)
rPois  .         Gourm    .     (no helmet)
rElec  .         Spirit   +     (no cloak)
rCorr  .         Warding  +     (no gloves)
rMut   .         Stasis   .     (no boots)
MR     .....                    e - amulet of warding
Stlth  +.........               (no ring)
                                (no ring)

@: not resistant to hostile enchantments, very unstealthy
A: fangs 2, regeneration 1, magic shield, antimagic bite, no device heal 3, rot
immunity
a: no special abilities


You were on level 4 of the Dungeon.
You were not hungry.

You visited 1 branch of the dungeon, and saw 4 of its levels.

You collected 47 gold pieces.

Inventory:

Missiles
 a - 10 arrows
Armour
 b - a +0 robe (worn)
Jewellery
 e - an amulet of warding (around neck)
Scrolls
 f - 2 scrolls of remove curse {unknown}
 g - a scroll of fog {unknown}
 h - a scroll of identify {unknown}
 i - a scroll of immolation {unknown}
Books
 c - a book of Changes

   Spells                             Type                      Level
   a - Beastly Appendage              Transmutation                1
   b - Sticks to Snakes               Transmutation                2
   c - Spider Form                    Transmutation/Poison         3
   d - Ice Form                       Ice/Transmutation            4
   e - Blade Hands                    Transmutation                5
Comestibles
 d - a bread ration


   Skills:
 - Level 1.0 Fighting
 - Level 1.9 Dodging
 + Level 3.2 Unarmed Combat
 - Level 2.3 Spellcasting
 + Level 2.4 Transmutations


You had 2 spell levels left.
You knew the following spells:

 Your Spells              Type           Power        Failure   Level  Hunger
a - Beastly Appendage     Trmt           #.....       10%         1    #......
s - Sticks to Snakes      Trmt           #.........   14%         2    ###....


Dungeon Overview and Level Annotations

Branches:
Dungeon (4/15)
 Temple: D:4-7

Altars:
The Shining One

Annotations:
D:4 Blork the orc


Innate Abilities, Weirdness & Mutations

You have extremely sharp teeth.
Your natural rate of healing is unusually fast.
When hurt, damage is shared between your health and your magic reserves.
Your bite disrupts and absorbs the magic of your enemies.
Potions and wands cannot restore your health.
You are immune to rotting.


Message History

Blork the orc closely misses you.
Your ball python bites Blork the orc.
Your ball python constricts Blork the orc.
You hit Blork the orc but do no damage.
Blork the orc is heavily wounded.
Your ball python bites Blork the orc but does no damage.
Your ball python constricts Blork the orc.
Blork the orc mumbles some strange words.
Blork the orc seems to speed up.
You hit Blork the orc.
You bite Blork the orc, but do no damage.
Blork the orc is severely wounded.
Blork the orc closely misses you.
Your ball python bites Blork the orc but does no damage.
Your ball python constricts Blork the orc.
Unknown command.
You completely miss Blork the orc.
You bite Blork the orc, but do no damage.
Blork the orc is severely wounded.
Blork the orc hits you with a long sword!
You die...

##### #.
############......
#. #....>....@S#
#.###.#########o#
#.....# .# #.....#
.#
#.....#########.#
#.............#.#
#............[#.#
#.###...........#
#.
#.........###......


You could see Blork the orc and a friendly ball python.

Vanquished Creatures
  An ooze (D:2)
  2 bats
  A giant cockroach (D:3)
  2 goblins (D:3)
  A quokka (D:4)
  A giant newt (D:1)
  2 kobolds
  2 rats
12 creatures vanquished.

Vanquished Creatures (collateral kills)
  An adder (D:3)
1 creature vanquished.

Grand Total: 13 creatures vanquished

Notes
Turn   | Place    | Note
--------------------------------------------------------------
     0 | D:1      | Charly the Vine Stalker Transmuter began the quest for the Orb.
     0 | D:1      | Reached XP level 1. HP: 9/9 MP: 4/4
    10 | D:1      | Charly: faith
    47 | D:2      | Found a glowing golden altar of the Shining One.
   127 | D:2      | BLOAX: reminds me of the one time i was running a minotaur
   139 | D:2      | BLOAX: got a plate, ring of regen and chei all on d:1
   144 | D:2      | Reached XP level 2. HP: 9/14 MP: 4/6
   155 | D:2      | Learned a level 2 spell: Sticks to Snakes
   155 | D:2      | BLOAX: and then i meet pikel
   155 | D:2      | BLOAX: and zap zap zap
   155 | D:2      | BLOAX: wand of lightning up my ass
   209 | D:3      | Reached skill level 1 in Fighting
   251 | D:4      | Noticed Blork the orc
   349 | D:4      | jacquesderrida: How deep are we talking
   354 | D:4      | Slain by Blork the orc

Action                   || total
-------------------------++-------
Melee: Unarmed           ||    67
 Cast: Beastly Appendage ||     1
       Sticks to Snakes  ||     2
